 Dungeon Crawl Stone Soup version 0.25-a0-545-ge4db218afc (webtiles) character file.

Game seed: 6247681801146333440, levelgen mode: deterministic

2614 Conn the Gouger (level 9, -6/41 HPs)
             Began as a Felid Warper on Feb 21, 2020.
             Hit by a boomerang thrown by an orc warrior (19 damage)
             ... on level 9 of the Dungeon.
             The game lasted 00:46:36 (13850 turns).

Conn the Gouger (Felid Warper)                     Turns: 13850, Time: 00:46:36

Health: -6/41      AC:  2    Str:  9      XL:     9   Next: 34%
Magic:  16/16      EV: 20    Int: 16      God:
Gold:   372        SH:  0    Dex: 12 (13) Spells: 6/16 levels left
                                        Lives:  0   Deaths: 2

rFire    . . .     SeeInvis +     - Unarmed
rCold    . . .     Gourm    .   (shield unavailable)
rNeg     + . .     Faith    .   (armour unavailable)
rPois    .         Spirit   .   (helmet unavailable)
rElec    .         Reflect  .   (cloak unavailable)
rCorr    .         Harm     .   (gloves unavailable)
MR       +....                  (boots unavailable)
Stlth    ++++......             i - amulet of magic regeneration
HPRegen  0.13/turn              p - ring of positive energy
MPRegen  0.40/turn              (no ring)

@: shrouded, quick
A: very small, no armour, no weapons or thrown items, stealth, claws 1, fangs 3,
see invisible, carnivore, clumsy 1, deterioration 1, speed 1, shaggy fur 2, slow
metabolism 1, sharp paws
a: no special abilities


You were on level 9 of the Dungeon.
You were very full.

You visited 2 branches of the dungeon, and saw 10 of its levels.

You collected 372 gold pieces.

Inventory:

Jewellery
 i - an amulet of magic regeneration (around neck)
 p - a ring of positive energy (left paw)
Wands
 k - a wand of paralysis (11)
 l - a wand of iceblast (2)
 r - a wand of polymorph (9)
Scrolls
 b - 2 scrolls of blinking
 d - 5 scrolls of remove curse
 e - a scroll of immolation
 f - 5 scrolls of teleportation
 g - 4 scrolls of identify
 h - a scroll of amnesia
 j - a scroll of magic mapping
Potions
 a - 3 potions of flight
 m - a potion of magic
 n - a potion of berserk rage {unknown}
 o - a potion of might
 q - a potion of heal wounds
Miscellaneous
 s - a lamp of fire (inert)
Comestibles
 c - 15 rations


   Skills:
 * Level 5.8 Fighting
 + Level 6.4 Dodging
 * Level 6.2 Stealth
 + Level 9.7 Unarmed Combat
 + Level 4.1 Spellcasting
 + Level 3.4 Charms
 * Level 7.4 Translocations
 + Level 0.8 Evocations


You had 6 spell levels left.
You knew the following spells:

 Your Spells              Type           Power        Failure   Level  Hunger
a - Blink                 Tloc           N/A          1%          2    ##.....
b - Teleport Other        Tloc           ####....     2%          3    ###....
c - Shroud of Golubria    Chrm/Tloc      ###...       2%          2    ##.....
d - Gell's Gravitas       Tloc           ####......   2%          3    ###....

Your spell library contained the following spells:

 Spells                   Type           Power        Failure   Level  Hunger
 Lesser Beckoning         Tloc           ####......   2%          3    ###....
 Passage of Golubria      Tloc           N/A          8%          4    ####...


Dungeon Overview and Level Annotations

Branches:
Dungeon (9/15)             Temple (1/1) D:4
   Lair: D:8-11         Orc: D:9-12

Altars:
Ashenzari
Cheibriados
Dithmenos
Elyvilon
Fedhas
Gozag
Hepliaklqana
Kikubaaqudgha
Makhleb
Okawaru
Qazlal
Trog
Uskayaw
Vehumet
Wu Jian
Xom
Yredelemnul
Zin
The Shining One

Shops:
D:8 [?

Annotations:
D:4 Blork the orc, Edmund


Innate Abilities, Weirdness & Mutations

You cannot wear armour.
You are incapable of wielding weapons or throwing items.
Your paws allow you to move quietly. (Stealth)
You have sharp claws.
You have razor-sharp teeth.
You have supernaturally acute eyesight. (SInv)
You are carnivorous and can eat meat at any time.
You cover ground quickly.
You are covered in thick fur. (AC +2)
You have a slow metabolism.
Your sharp claws are effective at attacking unaware monsters.
You are clumsy. (Dex -2)
Your body sometimes deteriorates upon taking damage.


Message History

Evoke which item? (* to show all) (? for menu, Esc to quit)
Okay, then.
Unknown command.
Evoke which item? (* to show all) (? for menu, Esc to quit)
Okay, then.
Evoke which item? (* to show all) (? for menu, Esc to quit)
Okay, then.
Evoke which item? (* to show all) (? for menu, Esc to quit)
Okay, then.
The orc warrior throws a boomerang.
The boomerang closely misses you.
The weapon returns to the orc warrior!
An ice beast comes into view.
Your shroud begins to fray at the edges.
Casting: Shroud of Golubria (safe; 2% risk of failure)
Confirm with . or Enter, or press ? or * to list all spells.
You renew your shroud.
The orc warrior throws a boomerang.
The boomerang closely misses you.
The weapon returns to the orc warrior!
The orc warrior throws a boomerang.
The boomerang hits you!!
You die...

..... .. #. ....... #.#..
#.# #.#...#.# #... .Y.
#.#...#.# #......
#.#...#.# #..#.# .#
#.#...#)# ....##.##
#.#...#.# #####.##.....
##.......###.Y........#
##(..#....@...###..#.###
##...<.....##..###....#
+...............o.o..##
#.......)..##....##))#
#.......)..##....##..#
######..(......##........#
#.........#.......#.##.#.#
#.##.##..)...)(####......#
#.##.##.###.#### ####.###


You could see an orc warrior and an ice beast.

Vanquished Creatures
  Harold (D:9)
  Maurice (D:8)
  A hippogriff (D:6)
  A hungry ghost (D:7)
  2 orc warriors
  4 ice beasts
  A phantom (D:5)
  A big kobold (D:9)
  4 bullfrogs
  2 killer bees (D:8)
  A howler monkey (D:5)
  5 crimson imps
  3 hounds
  2 jellies
  A centaur skeleton (D:4)
  7 orc priests
  3 bullfrog skeletons
  Jessica (D:2)
  2 iguanas (D:7)
  5 orc wizards
  8 worker ants
  2 hound zombies
  A hound skeleton (D:6)
  A howler monkey zombie (D:5)
  8 adders
  3 shadow imps
  An adder skeleton (D:5)
  An adder zombie (D:5)
  2 dart slugs (D:4)
  2 worms
  4 leopard geckos
  20 orcs
  2 ball pythons
  3 bats
  7 giant cockroaches
  9 goblins
  10 hobgoblins
  13 jackals
  15 kobolds
  5 quokkas
  9 frilled lizards
  A jackal skeleton (D:5)
  A leopard gecko skeleton (D:5)
  A quokka skeleton (D:4)
  4 rats
181 creatures vanquished.

Vanquished Creatures (others)
  A quokka (D:8)
1 creature vanquished.

Grand Total: 182 creatures vanquished

Notes
Turn   | Place    | Note
-------+----------+-------------------------------------------
     0 | D:1      | Conn the Felid Warper began the quest for the Orb.
     0 | D:1      | Reached XP level 1. HP: 9/9 MP: 4/4
   309 | D:1      | Reached XP level 2. HP: 11/13 MP: 6/6
   361 | D:1      | Learned a level 2 spell: Blink
  1352 | D:2      | Reached XP level 3. HP: 11/16 MP: 7/7
  1733 | D:2      | Found a burning altar of Makhleb.
  2006 | D:2      | Reached skill level 3 in Unarmed Combat
  2010 | D:2      | Found an ornate altar of the Wu Jian Council.
  2010 | D:2      | Found a hazy altar of Hepliaklqana.
  2011 | D:2      | Found a blossoming altar of Fedhas.
  2562 | D:2      | Reached skill level 1 in Stealth
  2576 | D:2      | Reached XP level 4. HP: 18/19 MP: 8/8
  2591 | D:2      | Found a blossoming altar of Fedhas.
  3264 | D:2      | Noticed Jessica
  3274 | D:2      | Killed Jessica
  3550 | D:3      | Reached skill level 4 in Unarmed Combat
  3550 | D:3      | Reached XP level 5. HP: 15/23 MP: 9/9
  3734 | D:3      | Found a white marble altar of Elyvilon.
  4405 | D:3      | Learned a level 3 spell: Teleport Other
  4408 | D:3      | Learned a level 2 spell: Shroud of Golubria
  4428 | D:3      | Found a shadowy altar of Dithmenos.
  4462 | D:3      | Killed from afar by an orc priest
  4463 | D:3      | Reached XP level 4. HP: -3/20 MP: 8/8
  4719 | D:3      | Reached XP level 5. HP: 14/24 MP: 9/9
  4946 | D:4      | Noticed Edmund
  5208 | D:4      | Reached skill level 5 in Unarmed Combat
  5283 | D:4      | Found an ancient bone altar of Kikubaaqudgha.
  5772 | D:4      | Noticed Blork the orc
  6131 | D:4      | Found a staircase to the Ecumenical Temple.
  6140 | Temple   | Entered the Ecumenical Temple
  6411 | D:4      | Gained mutation: You are covered in thick fur. (AC +2)
                  | [Felid growth]
  6411 | D:4      | Reached XP level 6. HP: 20/27 MP: 10/10
  6572 | D:4      | Found a snail-covered altar of Cheibriados.
  7048 | D:5      | Entered Level 5 of the Dungeon
  8940 | D:5      | Reached skill level 6 in Unarmed Combat
  9183 | D:5      | Reached XP level 7. HP: 23/31 MP: 11/11
  9441 | D:5      | Reached skill level 7 in Unarmed Combat
  9718 | D:5      | Learned a level 3 spell: Gell's Gravitas
  9746 | D:6      | Reached skill level 5 in Dodging
  9746 | D:6      | Reached XP level 8. HP: 24/36 MP: 12/12
  9879 | D:6      | Reached skill level 8 in Unarmed Combat
 10001 | D:7      | Noticed a hippogriff
 10007 | D:7      | HP: 1/36 [orc wizard/magic dart (10)]
 10039 | D:6      | Found a white marble altar of Elyvilon.
 10381 | D:6      | Reached skill level 1 in Charms
 10381 | D:6      | Reached skill level 5 in Translocations
 11376 | D:6      | Killed a hippogriff
 11495 | D:6      | Gained mutation: Your body sometimes deteriorates upon
                  | taking damage. [potion of mutation]
 11495 | D:6      | Gained mutation: You are clumsy. (Dex -2) [potion of
                  | mutation]
 12048 | D:7      | Reached skill level 9 in Unarmed Combat
 12330 | D:7      | Reached XP level 9. HP: 28/40 MP: 13/15
 12765 | D:8      | Found a radiant altar of Vehumet.
 12816 | D:8      | HP: 2/40 [water moccasin (7)]
 12818 | D:8      | Succumbed to a water moccasin's poison
 12819 | D:8      | Reached XP level 8. HP: 0/36 MP: 14/14
 12872 | D:8      | Found Fusobb's Armour Boutique.
 12872 | D:8      | Noticed Maurice
 12898 | D:8      | Reached skill level 5 in Fighting
 13063 | D:8      | Killed Maurice
 13063 | D:8      | Reached skill level 5 in Stealth
 13213 | D:8      | Found an iron altar of Okawaru.
 13495 | D:8      | Found Lazius's Magic Scroll Boutique.
 13529 | D:9      | Noticed Harold
 13537 | D:9      | Killed Harold
 13537 | D:9      | Reached XP level 9. HP: 19/41 MP: 14/16
 13850 | D:9      | Hit by a boomerang thrown by an orc warrior

Levels and vault maps discovered:
D:1:      mrwooster_arrival_arrow, layout_basic
D:2:      layout_loops_ring, lemuel_round_altar,
          chequers_temple_overflow_statue_of_worship, grunt_ministairs_1,
          fedhas_altar_2, uniq_jessica
D:3:      layout_basic, elyvilon_altar_3, lemuel_crystal_altar
D:4:      layout_loops_cross, tgw_sif, kiku_gazebo_pond_becter,
          kennysheep_slug_shrine, minmay_temple_entry_junction_2, fountainhead,
          uniq_edmund
D:5:      layout_rooms, first_ration, minmay_divided_ellipse
D:6:      layout_cave_pools, serial_park, serial_park_square1
          [serial_park_minivault_5x5_3], basic_altar
D:7:      layout_cave_pools, enter_ossuary_3
D:8:      layout_rooms, kennysheep_mini_moat, fiery_altar_vehumet,
          nicolae_overflow_hidden_temple, serial_shops, shop,
          nicolae_shop_behind_doors, shop, shop,
          nicolae_shop_temple_entry_statues_fountains, grunt_pizzeria,
          uniq_maurice, uniq_pikel
D:9:      layout_loops_cross, kennysheep_little_box, david_lair_generic,
          kennysheep_generic_room_8, uniq_harold
Temple:   grunt_temple_mini_profane

Skill      XL: |  1  2  3  4  5  6  7  8  9 |
---------------+----------------------------+-----
Unarmed Combat | 3 4 5 6 7 9 |  9.7
Stealth        | 1 2 3 6 |  6.2
Dodging        | 4 5 6 |  6.4
Fighting       | 3 4 5 |  5.8
Charms         | 3 2 |  3.4
Translocations | 7 |  7.4
Spellcasting   | 4 |  4.1
Evocations     | |  0.8

Action                   |  1- 3 |  4- 6 |  7- 9 || total
-------------------------+-------+-------+-------++-------
Melee: Unarmed           |   156 |   468 |   402 ||  1026
       Bite              |     5 |    50 |    31 ||    86
       Punch             |       |     7 |     9 ||    16
 Cast: Blink             |       |     3 |     9 ||    12
       Shroud of Golubri |       |    12 |    48 ||    60
       Teleport Other    |       |       |     1 ||     1
       Gell's Gravitas   |       |       |     1 ||     1
Evoke: Wand              |       |       |     6 ||     6
       Lamp of fire      |       |       |     1 ||     1
  Use: Potion            |     1 |     6 |     8 ||    15
       Scroll            |       |    10 |     1 ||    11
 Stab: Sleeping          |     5 |     8 |     7 ||    20
       Distracted        |       |     1 |     3 ||     4
       Paralysed         |       |       |     4 ||     4
  Eat: Chunk             |    11 |    19 |    20 ||    50
Armor: Skin              |     4 |    11 |    30 ||    45
Dodge: Dodged            |   116 |   315 |   347 ||   778

Table legend:
 A = Non-vault XP
 B = Vault XP
 C = Vault XP percentage of total XP
 D = Non-vault monster count
 E = Vault monster count
 F = Vault count percentage of total count
                 A         B        C        D         E       F
            +---------+---------+-------+---------+---------+-------
      Total |    3244 |    2129 |  39.6 |     158 |      23 |  12.7
            +---------+---------+-------+---------+---------+-------
        D:1 |      38 |       0 |   0.0 |      22 |       0 |   0.0
        D:2 |      97 |      41 |  29.7 |      27 |       3 |  10.0
        D:3 |     166 |       0 |   0.0 |      25 |       0 |   0.0
        D:4 |     185 |       4 |   2.1 |      17 |       1 |   5.6
        D:5 |     480 |     404 |  45.7 |      17 |      12 |  41.4
        D:6 |    1015 |      95 |   8.6 |      18 |       4 |  18.2
        D:7 |     553 |       0 |   0.0 |      15 |       0 |   0.0
        D:8 |     559 |     598 |  51.7 |       8 |       2 |  20.0
        D:9 |     151 |     987 |  86.7 |       9 |       1 |  10.0
            +---------+---------+-------+---------+---------+-------
